 Dungeon Crawl Stone Soup version 0.22-a0-367-gb72a975 (webtiles) character file.

26 Amnesiac the Magician (level 2, 0/21 HPs)
             Began as a Mummy Wizard on Apr 22, 2018.
             Was an Initiate of Kikubaaqudgha.
             Slain by a leopard gecko (5 damage)
             ... on level 2 of the Dungeon.
             The game lasted 00:02:24 (717 turns).

Amnesiac the Magician (Mummy Wizard)                 Turns: 717, Time: 00:02:24

Health: 0/21       AC:  3    Str: 10    XL:     2   Next: 89%
Magic:  0/7        EV: 15    Int: 17    God:    Kikubaaqudgha [......]
Gold:   31         SH:  0    Dex: 10    Spells: 6/9 levels left

rFire    x . .     SeeInvis .   e - +0 short sword
rCold    + . .     Gourm    .   (no shield)
rNeg     + + +     Faith    .   a - +0 robe
rPois    ∞         Spirit   .   b - +1 hat
rElec    .         Reflect  .   (no cloak)
rCorr    .         Harm     .   (no gloves)
MR       .....                  (no boots)
Stlth    ++........             (no amulet)
HPRegen  0.07/turn              g - +3 ring of evasion
MPRegen  0.10/turn              (no ring)

@: very slightly contaminated
A: no food or potions, fire vulnerability, cold resistance 1, negative energy
resistance 3, torment resistance, unbreathing
a: Renounce Religion


You were on level 2 of the Dungeon.
You worshipped Kikubaaqudgha.
Kikubaaqudgha was noncommittal.
You were not hungry.

You visited 2 branches of the dungeon, and saw 5 of its levels.

You collected 31 gold pieces.

Inventory:

Hand Weapons
 e - a +0 short sword (weapon)
Missiles
 d - 63 stones (quivered)
Armour
 a - a +0 robe (worn)
 b - a +1 hat (worn)
Jewellery
 g - a +3 ring of evasion (left hand)


   Skills:
 + Level 1.2 Fighting
 * Level 2.5 Dodging
 - Level 1.5 Stealth
 - Level 4.0 Spellcasting
 - Level 0.7 Conjurations
 - Level 0.7 Summonings
   Level 0.7 Translocations


You had 6 spell levels left.
You knew the following spells:

 Your Spells              Type           Power        Failure   Level  Hunger
a - Magic Dart            Conj           #...         12%         1    N/A
b - Call Imp              Summ           #.......     19%         2    N/A

Dungeon Overview and Level Annotations

Branches:
Dungeon (4/15)             Temple (1/1) D:4

Altars:
Cheibriados
Kikubaaqudgha
Nemelex Xobeh
Okawaru
Qazlal
Sif Muna
Trog
Uskayaw
Xom
Yredelemnul


Innate Abilities, Weirdness & Mutations

You do not eat or drink.
Your flesh is vulnerable to fire.
You are immune to poison.
Your flesh is cold resistant. (rC+)
You are immune to negative energy. (rN+++)
You are immune to unholy pain and torment.
You can survive without breathing.


Message History

You kill the bat!
Kikubaaqudgha accepts your kill.
Casting: Magic Dart (safe; 12% risk of failure)
Confirm with . or Enter, or press ? or * to list all spells.
Aiming: Magic Dart (safe; 12% risk of failure)
Press: ? - help, Shift-Dir - straight line, f - leopard gecko
Aim: a leopard gecko (clinging)
The magic dart hits the leopard gecko.
The leopard gecko is moderately wounded.
The leopard gecko barely misses you. The goblin hits you but does no damage.
A rat comes into view.
The leopard gecko bites you.
* * * LOW HITPOINT WARNING * * *
There is a stone staircase leading down here.
The leopard gecko bites you.
* * * LOW HITPOINT WARNING * * *
You climb downwards.
The leopard gecko bites you but does no damage.
The leopard gecko closely misses you.
There is a stone staircase leading up here.
Okay, then.
You aren't carrying any items that you can evoke.
Really read
f - a scroll labeled GAOLOL BAESTRE {!r}?
As you read the scroll labeled GAOLOL BAESTRE {!r}, it crumbles to dust.
It is a scroll of enchant armour.
Your +0 hat glows green for a moment.
The leopard gecko barely misses you.
Really read
c - a scroll labeled VAUMAU CAMES {!r}?
As you read the scroll labeled VAUMAU CAMES {!r}, it crumbles to dust.
It is a scroll of identify.
g - a +3 ring of evasion The leopard gecko bites you.
* * * LOW HITPOINT WARNING * * *
Put on which piece of jewellery? (? for menu, Esc to quit)
You don't have any such object.
Put on which piece of jewellery? (? for menu, Esc to quit)
g - a +3 ring of evasion (left hand)
The leopard gecko misses you.
You hit the leopard gecko.
The leopard gecko is severely wounded.
The leopard gecko closely misses you.
The leopard gecko hisses menacingly.
Casting: Magic Dart (safe; 12% risk of failure)
Confirm with . or Enter, or press ? or * to list all spells.
Aiming: Magic Dart (safe; 12% risk of failure)
Press: ? - help, Shift-Dir - straight line, f - leopard gecko
Aim: a leopard gecko (severely wounded, clinging)
The magic dart hits the leopard gecko.
The leopard gecko is almost dead.
The leopard gecko bites you but does no damage.
You hit the leopard gecko but do no damage.
The leopard gecko is almost dead.
The leopard gecko bites you but does no damage.
The leopard gecko barely misses you.
You hit the leopard gecko but do no damage.
The leopard gecko is almost dead.
The leopard gecko misses you.
You hit the leopard gecko.
You kill the leopard gecko!
Kikubaaqudgha accepts your kill.
You barely miss the leopard gecko.
The leopard gecko is moderately wounded.
The leopard gecko bites you.
You die...
Kikubaaqudgha rasps: "You have failed me!
Welcome... oblivion!"

#.# #.#
#.........#
#.# #.#
##+####'#.#
#.# #.# #.#..
#.###.#####.
#.# #
#.#..........
#.#
#.#.#.#####.#
#.# #.#.#5#
#.# #.#l#.# #
#.# #.#@#..
#. #.#.###
#.######
#.##.#...#
#.# .
#.##......
#.# #.
#.####.#.#
#.# #.
#.#....#.#
#.#
#..#.##.#.#.#
#.#
#..#.##.#.#.#
#.#
#.......#.#.#
#.#
#..#.####.#.#


You could see a leopard gecko.

Vanquished Creatures
  An adder (D:2)
  2 leopard geckos (D:2)
  A bat (D:1)
  4 goblins
  3 kobolds
  A rat (D:2)
12 creatures vanquished.

Vanquished Creatures (collateral kills)
  A worm (D:2)
1 creature vanquished.

Grand Total: 13 creatures vanquished

Notes
Turn   | Place    | Note
-------+----------+-------------------------------------------
     0 | D:1      | Amnesiac the Mummy Wizard began the quest for the Orb.
     0 | D:1      | Reached XP level 1. HP: 13/13 MP: 5/5
    17 | D:1      | You fall through a shaft!
    77 | D:2      | Reached XP level 2. HP: 17/20 MP: 0/7
    81 | D:2      | Learned a level 2 spell: Call Imp
   181 | D:2      | Reached skill level 1 in Fighting
   375 | D:2      | Found a shimmering altar of Xom.
   528 | D:4      | Found a staircase to the Ecumenical Temple.
   534 | Temple   | Entered the Ecumenical Temple
   553 | Temple   | Became a worshipper of Kikubaaqudgha
   717 | D:2      | Slain by a leopard gecko

Vault maps used:
D:1:      dpeg_arrival_tiny_f
D:2:      xom_teletrap_fun, zin_treasury, first_ration
D:3:      lemuel_crystal_altar, serial_bayou, serial_bayou_ford_a,
          serial_bayou_lagoon_b, serial_bayou_shore_b, serial_bayou_lagoon_a
D:4:      minmay_temple_entry_hall, vehumet_altar_wand_db
Temple:   hc_temple_tempest_star

Skill      XL: |  1  2 |
---------------+-------+-----
Dodging        | 2 |  2.5
Fighting       | 1 |  1.2
Stealth        | |  1.5
Spellcasting   | |  4.0
Conjurations   | |  0.7
Summonings     | |  0.7
Translocations | |  0.7

Action                   || total
-------------------------++-------
Melee: Short sword       ||    36
 Cast: Magic Dart        ||    11
       Call Imp          ||     4
  Use: Scroll            ||     2
Armor: Robe              ||     5
Dodge: Dodged            ||    27

Table legend:
 A = Spawn XP
 B = Non-spawn XP
 C = Spawn XP percentage of total XP
 D = Spawn monster count
 E = Non-spawn monster count
 F = Spawn count percentage of total count
 G = Total turns spent on level
                    A         B        C        D         E        F      G
               +---------+---------+-------+---------+---------+-------+---------
         Total |       0 |      38 |   0.0 |       0 |      13 |   0.0 |   717
               +---------+---------+-------+---------+---------+-------+---------
           D:1 |       0 |       5 |   0.0 |       0 |       3 |   0.0 |    33
           D:2 |       0 |      29 |   0.0 |       0 |       8 |   0.0 |   454
           D:3 |       0 |       4 |   0.0 |       0 |       2 |   0.0 |    96
               +---------+---------+-------+---------+---------+-------+---------
